 Dungeon Crawl Stone Soup version 0.20.0-8-g6b59dc7 (webtiles) character file.

390 Kosschaser the Cudgeler (level 6, -1/37 HPs)
             Began as a Gargoyle Skald on May 30, 2017.
             Killed from afar by an orc wizard (6 damage)
             ... with a puff of flame
             ... on level 4 of the Dungeon.
             The game lasted 00:05:29 (2759 turns).

Kosschaser the Cudgeler (Gargoyle Skald)            Turns: 2759, Time: 00:05:30

Health: -1/37      AC:  9    Str: 15    XL:     6   Next: 80%
Magic:  9/9        EV: 10    Int: 13    God:
Gold:   162        SH:  7    Dex: 11    Spells: 8/9 levels left

rFire    . . .     SeeInvis .   g - +1 whip (elec)
rCold    . . .     Gourm    .   t - +0 shield
rNeg     + + .     Faith    .   v - +2 leather armour {MR+}
rPois    ∞         Spirit   .   (no helmet)
rElec    +         Reflect  .   (no cloak)
rCorr    .         Harm     .   (no gloves)
MR       +....     Rnd*Tele +   (no boots)
Stlth    +.........             (no amulet)
Regen    0.2/turn               f - ring of teleportation (curse)
MPRegen  0.2/turn               o - ring of positive energy

@: no status effects
A: negative energy resistance 1, electricity resistance, unbreathing,
petrification resistance, rot immunity, AC +4
a: no special abilities


You were on level 4 of the Dungeon.
You were not hungry.

You visited 1 branch of the dungeon, and saw 4 of its levels.

You collected 162 gold pieces.

Inventory:

Hand Weapons
 a - a +0 mace
 g - a +1 whip of electrocution (weapon)
Armour
 b - a +0 leather armour
 j - a +0 chain mail
 t - a +0 shield (worn)
 v - a +2 leather armour of magic resistance (worn)
Jewellery
 f - a cursed ring of teleportation (left hand)
 o - a ring of positive energy (right hand)
Wands
 r - a wand of lightning (5/15)
Scrolls
 i - 2 scrolls of remove curse {unknown}
 k - a scroll of enchant weapon {unknown}
 l - a scroll of recharging {unknown}
 m - a scroll of amnesia {unknown}
 p - 5 scrolls of identify {unknown}
 s - a scroll of fog {unknown}
 u - a scroll of fear {unknown}
Potions
 e - a potion of agility {unknown}
 h - a potion of curing {unknown}
 n - a potion of haste {unknown}
 w - a potion of heal wounds {unknown}
 z - a potion of degeneration {unknown}
Books
 c - a book of Battle

   Spells                             Type                      Level
   a - Infusion                       Charms                       1
   b - Shroud of Golubria             Charms/Translocation         2
   c - Song of Slaying                Charms                       2
   d - Spectral Weapon                Hexes/Charms                 3
   e - Regeneration                   Charms/Necromancy            3
Comestibles
 d - 2 bread rations
 q - a royal jelly


   Skills:
 + Level 3.3 Fighting
 + Level 4.0 Maces & Flails
 + Level 3.1 Armour
 * Level 3.2 Dodging
 + Level 1.0 Shields
 + Level 2.2 Spellcasting
 + Level 3.2 Charms


You had 8 spell levels left.
You knew the following spells:

 Your Spells              Type           Power        Failure   Level  Hunger
a - Infusion              Chrm           #...         45%         1    ##.....


Dungeon Overview and Level Annotations

Branches:
Dungeon (4/15)
 Temple: D:4-7

Altars:
Cheibriados
Hepliaklqana
Ru

Annotations:
D:4 Dowan


Innate Abilities, Weirdness & Mutations

You are resistant to torment.
Your stone body is resilient. (AC +4)
You are immune to poison.
You resist negative energy. (rN+)
You are resistant to electric shocks. (rElec)
You can survive without breathing.
You are immune to petrification.
You are immune to rotting.


Message History

The orc wizard flickers and vanishes!
Deactivating autopickup; reactivate with Ctrl-A.
You hit the orc warrior but do no damage.
The orc warrior is heavily wounded.
The orc warrior hits you with a war axe!
You closely miss the orc warrior.
The orc warrior is heavily wounded.
You block the orc warrior's attack.
You barely miss the orc warrior.
The orc warrior is heavily wounded.
The orc warrior hits you with a war axe!
* * * LOW HITPOINT WARNING * * *
Okay, then.
Okay, then.
You see here 20 sling bullets.
Dowan, Brother of Duvessa comes into view.
He is wielding a dagger.
Dowan shouts!
A puff of flame appears from out of thin air!
The puff of flame hits you!
You die...

..#.####.......# #. #....###.
..#..<##.......# #.## #.#......
#####.#####.#### #.# #.....###
..#.........### ##.## ###...###
#.#.###........##...#####.......#
#...# #.##..##.##................
#.### #.##.>..........###.......#
.<# #.##....................##.
#.#####.##......@.....#####...##.
#...............#.o...........o..
#)#####.###.....#...#############
#.# #.##.....###.## #.# ......
#.# #.# ......###.#### #.#
Z.e..........# #.# ..........##.#
##### #.. ...#.#####.# #...#


You could see an orc warrior, Dowan and an adder skeleton (wandering).

Vanquished Creatures
  An ogre (D:4)
  Blork the orc (D:4)
  A scorpion (D:3)
  2 orc priests
  A howler monkey skeleton (D:4)
  6 adders
  An ooze (D:1)
  2 dart slugs (D:3)
  3 leopard geckos
  5 orcs
  3 ball pythons
  3 bats
  2 giant cockroaches (D:3)
  A goblin (D:3)
  6 hobgoblins
  5 jackals
  5 kobolds
  A quokka (D:2)
  2 frilled lizards (D:2)
  4 rats (D:1)
55 creatures vanquished.

Notes
Turn   | Place    | Note
-------+----------+-------------------------------------------
     0 | D:1      | Kosschaser the Gargoyle Skald began the quest for the Orb.
     0 | D:1      | Reached XP level 1. HP: 12/12 MP: 3/3
   107 | D:1      | Reached XP level 2. HP: 4/17 MP: 5/5
   675 | D:1      | Reached XP level 3. HP: 17/22 MP: 6/6
  1307 | D:2      | Reached XP level 4. HP: 27/27 MP: 7/7
  1467 | D:2      | Found a faded altar of an unknown god.
  1569 | D:2      | You fall through a shaft!
  1631 | D:3      | Reached XP level 5. HP: 25/32 MP: 8/8
  1673 | D:3      | Reached skill level 3 in Maces & Flails
  1743 | D:3      | Found a snail-covered altar of Cheibriados.
  1945 | D:3      | Found a hazy altar of Hepliaklqana.
  2440 | D:4      | Found a sacrificial altar of Ru.
  2441 | D:4      | Noticed Blork the orc
  2447 | D:4      | Killed Blork the orc
  2447 | D:4      | Reached XP level 6. HP: 37/37 MP: 9/9
  2508 | D:4      | Reached skill level 4 in Maces & Flails
  2718 | D:4      | Noticed an orc warrior
  2723 | D:4      | Reached skill level 1 in Shields
  2733 | D:4      | HP: 1/37 [orc warrior/war axe (14)]
  2759 | D:4      | Noticed Dowan
  2759 | D:4      | Killed from afar by an orc wizard

Skill      XL: |  1  2  3  4  5  6 |
---------------+-------------------+-----
Dodging        | 2 3 |  3.2
Charms         | 3 |  3.2
Maces & Flails | 3 4 |  4.0
Armour         | 2 3 |  3.1
Fighting       | 3 |  3.3
Shields        | 1 |  1.0
Spellcasting   | |  2.2

Action                   |  1- 3 |  4- 6 || total
-------------------------+-------+-------++-------
Melee: Mace              |    11 |       ||    11
       Whip              |   100 |   106 ||   206
  Eat: Chunk             |     1 |     5 ||     6
Armor: Leather armour    |    32 |     9 ||    41
       Chain mail        |    59 |    35 ||    94
Dodge: Dodged            |    56 |    13 ||    69
Block: Shield            |       |    28 ||    28
